 Dungeon Crawl Stone Soup version 0.29-a0-555-g3b24f45cc1 (webtiles) character file.

Game seed: 17034304373980366903

501 Hubjo the Changer (level 6, 0/66 (70) HPs)
             Began as a Demonspawn Transmuter on June 7, 2022.
             Was an Initiate of Makhleb.
             Slain by a phantom (1 damage)
             ... on level 5 of the Dungeon.
             The game lasted 00:08:07 (4355 turns).

Hubjo the Changer (Demonspawn Transmuter)           Turns: 4355, Time: 00:08:09

HP:   0/66 (70)     AC: 23    Str: 10    XL:     6   Next: 95%
MP:   10/10         EV:  2    Int: 15    God:    Makhleb [......]
Gold: 222           SH:  0    Dex: 15    Spells: 6/11 levels left

rFire   . . .      SeeInvis +     - Unarmed
rCold   . . .      Faith    .   (no shield)
rNeg    . . .      Spirit   .   (body armour currently unavailable)
rPois   +          Reflect  .   (helmet currently unavailable)
rElec   .          Harm     .   (cloak currently unavailable)
rCorr   .          Rampage  .   (gloves currently unavailable)
Will    .....      NoTele   +   (boots currently unavailable)
Stlth   ++........              (no amulet)
HPRegen 0.21/turn               k - ring of see invisible
MPRegen 0.12/turn               (no ring)

@: mighty, tree-form, attractive, drained
A: stationary, stasis, torment immunity, boosted hp, (icy blue scales 2),
(demonic touch 3)
a: Renounce Religion


You were on level 5 of the Dungeon.
You worshipped Makhleb.
Makhleb was noncommittal.
You were a tree.
You visited 2 branches of the dungeon, and saw 6 of its levels.

You collected 222 gold pieces.

Inventory:

Armour
 a - a +0 robe
 n - the +2 robe of the Immovable Stories (melded) {rPois}
   (You found it on level 3 of the Dungeon)

   rPois:     It protects you from poison.
Jewellery
 k - a ring of see invisible (left branch)
Wands
 m - a wand of mindburst (19)
Scrolls
 d - a scroll of teleportation {unknown}
 e - 2 scrolls of identify {unknown}
 h - a scroll of acquirement {unknown}
 i - a scroll of summoning {unknown}
 l - a scroll of vulnerability {unknown}
 q - a scroll of fear {unknown}
 r - 2 scrolls of magic mapping {unknown}
 s - 2 scrolls of fog {unknown}
 t - a scroll of poison
Potions
 b - a potion of lignification
 c - a potion of curing
 f - a potion of attraction
 g - a potion of degeneration {unknown}
 o - a potion of heal wounds {unknown}
 p - a potion of flight {unknown}


   Skills:
 + Level 3.1 Fighting
 - Level 1.7 Dodging
 + Level 2.5 Stealth
 + Level 3.6 Unarmed Combat
 + Level 3.2 Spellcasting
 * Level 3.8 Transmutations
 + Level 1.4 Ice Magic


You had 6 spell levels left.
You knew the following spells:

 Your Spells              Type           Power      Damage    Failure   Level
a - Beastly Appendage     Tmut           28%        N/A       4%          1
b - Ice Form              Ice/Tmut       10%        N/A       54%         4

Your spell library contained the following spells:

 Spells                   Type           Power      Damage    Failure   Level
 Wereblood                Tmut           14%        N/A       6%          2
 Spider Form              Tmut/Pois      8%         N/A       26%         3


Dungeon Overview and Level Annotations

Branches:
Dungeon (5/15)             Temple (1/1) D:4

Altars:
Ashenzari
Elyvilon
Gozag
Hepliaklqana
Makhleb
Nemelex Xobeh
Ru
Sif Muna
Trog
Vehumet
Wu Jian
Yredelemnul
Zin
The Shining One

Shops:
D:3 :   D:4 (


Innate Abilities, Weirdness & Mutations

You are a tree.
Your roots penetrate the ground, keeping you stationary.
You cannot be teleported.
You are immune to unholy pain and torment.
Your maximum health is greatly increased.
Your equipment is partially melded.
((You are mostly covered in icy blue scales. (AC +3)))
((Your touch may irresistibly damage your foes and sap their willpower.))


Message History

You closely miss the orc wizard. The hound bites you but does no damage.
The orc wizard hits you but does no damage.
The phantom hits you but does no damage.
The white imp hits you but does no damage.
The orc hits you but does no damage. The orc is attracted toward you.
The orc shouts!
You pummel the orc wizard!!
You kill the orc wizard!
Makhleb accepts your kill. The hound barely misses you.
The hound bites you but does no damage.
You cannot move.
You smack the phantom!
The phantom is almost destroyed.
The white imp sputters.
The white imp hits you but does no damage.
The orc hits you with a +0 flail.
* * * LOW HITPOINT WARNING * * *
The hound bites you but does no damage. The phantom is attracted toward you.
You closely miss the phantom.
The phantom is almost destroyed.
The hound bites you but does no damage. The orc hits you but does no damage.
You feel drained. The phantom barely misses you.
The white imp hits you but does no damage.
The phantom hits you but does no damage.
The orc hits you with a +0 flail.
* * * LOW HITPOINT WARNING * * *
The hound bites you but does no damage.
You barely miss the phantom.
The phantom is almost destroyed.
The orc hits you but does no damage.
You feel drained.
The phantom hits you but does no damage. x2
The white imp hits you but does no damage.
The orc hits you but does no damage. The hound bites you but does no damage.
You closely miss the phantom.
The phantom is almost destroyed.
The hound bites you but does no damage.
The orc hits you with a +0 short sword of draining.
* * * LOW HITPOINT WARNING * * *
You feel drained. The phantom hits you.
You die...

## #... ...
##.... #.# ......
#.## ≈.
......##..## ≈..
...........##...#
#.........5..###.
#.......W♣ho.....
........oWo..###.
....##<.§...# ..
#........#
#.......:.#
##..........
...........
####!.......
.[..##.


You could see 2 phantoms, a hound, a white imp and 3 orcs.

Vanquished Creatures
  An ogre (D:4)
  A phantom (D:4)
  A scorpion (D:5)
  An orc priest (D:4)
  An iguana (D:5)
  3 orc wizards
  2 adders (D:4)
  2 worms
  5 dart slugs
  18 orcs
  4 bats
  8 endoplasms
  9 giant cockroaches
  8 goblins
  8 hobgoblins
  6 jackals
  4 quokkas
  6 ball pythons
  5 frilled lizards
  6 kobolds
  4 rats
103 creatures vanquished.

Notes
Turn   | Place    | Note
-------+----------+-------------------------------------------
     0 | D:1      | Hubjo the Demonspawn Transmuter began the quest for the
                  | Orb.
     0 | D:1      | Reached XP level 1. HP: 15/15 MP: 3/3
   302 | D:1      | Gained mutation: Your touch may inflict minor irresistible
                  | damage on your foes. [demonic ancestry]
   302 | D:1      | Reached XP level 2. HP: 21/21 MP: 3/5
  1254 | D:2      | Gained mutation: Your touch may inflict irresistible damage
                  | on your foes. [demonic ancestry]
  1254 | D:2      | Reached XP level 3. HP: 26/27 MP: 4/6
  1428 | D:2      | Reached skill level 1 in Stealth
  2216 | D:3      | Gained mutation: You are partially covered in icy blue
                  | scales. (AC +2) [demonic ancestry]
  2216 | D:3      | Reached XP level 4. HP: 33/33 MP: 5/7
  2401 | D:3      | Found a faded altar of an unknown god.
  2522 | D:3      | Gained mutation: Your touch may irresistibly damage your
                  | foes and sap their willpower. [demonic ancestry]
  2522 | D:3      | Reached XP level 5. HP: 22/39 MP: 7/9
  2530 | D:3      | Identified the +2 robe of the Immovable Stories {rPois}
  2732 | D:3      | Found a sparkling altar of Nemelex Xobeh.
  2795 | D:3      | Prayed at the altar of an unknown god.
  2795 | D:3      | Became a worshipper of Ashenzari the Shackled
  2903 | D:3      | Found Erreukh's Book Emporium.
  2906 | D:3      | Fell from the grace of Ashenzari
  3024 | D:3      | Found a bloodstained altar of Trog.
  3164 | D:3      | Learned a level 4 spell: Ice Form
  3349 | D:4      | Found a staircase to the Ecumenical Temple.
  3395 | Temple   | Entered the Ecumenical Temple
  3602 | Temple   | Became a worshipper of Makhleb the Destroyer
  3767 | D:4      | Noticed an ogre
  3775 | D:4      | Killed an ogre
  3776 | D:4      | Reached skill level 1 in Ice Magic
  3776 | D:4      | Gained mutation: You are mostly covered in icy blue scales.
                  | (AC +3) [demonic ancestry]
  3776 | D:4      | Reached XP level 6. HP: 15/46 MP: 10/10
  4077 | D:4      | Found Viefed's Weapon Shop.
  4327 | D:5      | Entered Level 5 of the Dungeon
  4332 | D:5      | Was forgiven by Ashenzari
  4353 | D:5      | HP: 2/69 [orc/+0 flail (5)]
  4355 | D:5      | Slain by a phantom

Illustrated notes

Levels and vault maps discovered:
D:1:      zaba_arrival_water, layout_basic
D:2:      layout_basic
D:3:      layout_rooms, mainiacjoe_overflow_six_doors_small,
          nicolae_overflow_crystal_walls, trog_book,
          nicolae_ecumenical_lake_church, serial_shops,
          nicolae_shop_behind_doors, kennysheep_generic_room_13
D:4:      layout_basic, temple_green, serial_shops, shop
D:5:      layout_cave_pools, amcnicky_mini_pool_medium
Temple:   minmay_temple_curvy_loop

Skill      XL: |  1  2  3  4  5  6 |
---------------+-------------------+-----
Transmutations | 2 3 |  3.8
Fighting       | 2 3 |  3.1
Stealth        | 1 2 |  2.5
Unarmed Combat | 3 |  3.6
Spellcasting   | 3 |  3.2
Ice Magic      | 1 |  1.4
Dodging        | |  1.7

Action                   |  1- 3 |  4- 6 || total
-------------------------+-------+-------++-------
Melee: Unarmed           |    89 |   142 ||   231
       Headbutt          |    17 |    13 ||    30
       Kick              |    15 |    30 ||    45
       Touch             |     7 |    20 ||    27
       Punch             |     1 |     1 ||     2
 Cast: Beastly Appendage |    37 |    20 ||    57
Invok: Renounce Religion |       |     1 ||     1
  Use: Potion            |       |     8 ||     8
       Scroll            |       |     2 ||     2
 Stab: Sleeping          |     5 |     3 ||     8
Armor: Robe              |    18 |    51 ||    69
       Skin              |       |    78 ||    78
Dodge: Dodged            |    36 |    92 ||   128

Table legend: (Time is in decaauts)
 A = Elapsed time spent in this place.
 B = Non-inter-level travel time spent in this place.
 C = Inter-level travel time spent in this place.
 D = Time resting spent in this place.
 E = Time spent auto-exploring this place.
 F = Levels seen in this place.
 G = Mean time per level.
                   A        B        C        D        E       F      G
               +--------+--------+--------+--------+--------+-----+--------+
         Total |   4355 |   4180 |    175 |      0 |   3442 |   6 |  725.8 |
       Dungeon |   4092 |   3982 |    110 |      0 |   3252 |   5 |  818.4 |
        Temple |    262 |    197 |     65 |      0 |    190 |   1 |  262.0 |
               +--------+--------+--------+--------+--------+-----+--------+

Top non-repeatable levels by time:
     D:1: 1216 daAuts
     D:3: 1164 daAuts
     D:4: 897 daAuts
     D:2: 787 daAuts
  Temple: 262 daAuts
     D:5: 26 daAuts
